 Dungeon Crawl Stone Soup version bcrawl-1.12-8-g964540c432 (webtiles) character file.

Game seed: 12734861502762498579

29 MisterOstroum the Sneak (level 3, 29/29 HPs)
             Began as a Demonspawn Archaeologist on June 5, 2019.
             Quit the game on level 2 of the Dungeon.
             The game lasted 00:03:38 (1671 turns).

MisterOstroum the Sneak (Demonspawn Archaeologist)  Turns: 1671, Time: 00:03:38

Health: 29/29      AC: 15    Str: 12    XL:     3   Next: 1%
Magic:  3/3        EV:  3    Int: 15    God:
Gold:   116        SH:  0    Dex: 11    Spells: 2/2 levels left

rFire    . . .     SeeInvis .   t - +0 trident
rCold    . . .     Gourm    .   (no shield)
rNeg     . . .     Faith    .   w - +0 plate armour
rPois    .         Spirit   .   b - +1 hat
rElec    .         Reflect  .   (no cloak)
rCorr    .         Harm     .   d - +1 pair of gloves
MR       .....                  c - +1 pair of boots
Stlth    ..........             (no amulet)
HPRegen  0.09/turn              (no ring)
MPRegen  0.08/turn              (no ring)

@: studying Stealth
A: claws 1, talons 1
a: no special abilities


You were on level 2 of the Dungeon.
You were hungry.

You visited 1 branch of the dungeon, and saw 2 of its levels.

You collected 116 gold pieces.

Inventory:

Hand Weapons
 s - a +0 short sword
 t - a +0 trident (weapon)
Missiles
 p - 283 stones (quivered)
Armour
 a - a +1 robe
 b - a +1 hat (worn)
 c - a +1 pair of boots (worn)
 d - a +1 pair of gloves (worn)
 w - a +0 plate armour (worn)
Scrolls
 h - 2 scrolls of magic mapping {unknown}
 i - a scroll of fog {unknown}
 k - 2 scrolls of remove curse {unknown}
 n - a scroll of fear {unknown}
 o - a scroll of noise {unknown}
 q - 4 scrolls of identify {unknown}
 x - a scroll of immolation {unknown}
Potions
 j - 2 potions of magic {unknown}
 l - 2 potions of curing {unknown}
 r - a potion of agility {unknown}
 u - a potion of might {unknown}
 v - 2 potions of ambrosia {unknown}
Books
 g - a manual of Stealth
Miscellaneous
 f - an ancient crate
Comestibles
 e - 4 rations {!d}
 m - a chunk of flesh


   Skills:
 + Level 3.0 Fighting
 - Level 2.6 Dodging
 - Level 3.0 Stealth


You had 2 spell levels left.
You didn't know any spells.
Your spell library was empty.

Dungeon Overview and Level Annotations

Branches:
Dungeon (2/12)

Altars:
Ashenzari
Cheibriados


Innate Abilities, Weirdness & Mutations

You have sharp fingernails.
You have sharp toenails.


Message History

Press: ? - help, Shift-Dir - straight line, f/p - hobgoblin
Aim: a hobgoblin You throw a stone.
The stone barely misses the hobgoblin.
Throwing (i - inventory)
p - 288 stones (quivered)
Press: ? - help, Shift-Dir - straight line, f/p - hobgoblin
Aim: a hobgoblin You throw a stone.
The stone closely misses the hobgoblin.
Throwing (i - inventory)
p - 287 stones (quivered)
Press: ? - help, Shift-Dir - straight line, f/p - hobgoblin
Aim: a hobgoblin You throw a stone.
The stone hits the hobgoblin but does no damage.
No target in view!
No target in view!
No target in view!
No target in view!
No target in view!
No target in view!
No target in view!
No target in view!
No target in view!
No target in view!
No target in view!
No target in view!
No target in view!
No target in view!
No target in view!
No target in view!
No target in view!
No target in view!
No target in view!
No target in view!
No target in view!
No target in view!
No target in view!
No target in view!
No target in view!
No target in view!
No target in view!
The hobgoblin is too close now for your liking.
A hobgoblin is nearby!
A hobgoblin is nearby!
You hit the hobgoblin.
The hobgoblin is severely wounded.
The hobgoblin hits you but does no damage.
Your plate armour prevents you from hitting the hobgoblin.
The hobgoblin is severely wounded.
The hobgoblin hits you but does no damage. x2
You hit the hobgoblin.
The hobgoblin is almost dead.
The hobgoblin hits you.
Your plate armour prevents you from hitting the hobgoblin.
The hobgoblin is almost dead.
The hobgoblin hits you but does no damage.
You puncture the hobgoblin!
You kill the hobgoblin!
Your Fighting skill increases to level 3!
You open the door.
A bat comes into view.
A bat is nearby!
You hit the bat.
You kill the bat!
No target in view!
You butcher the bat corpse.
m - 2 chunks of flesh (gained 1)
There is an open door, spattered with blood here.
You see here a bat skeleton.
There is an open door, spattered with blood here.
You see here a bat skeleton.
You open the door.
There is an open door here.
Some of the chunks of flesh in your inventory have rotted away.
You open the door.
A goblin comes into view.
A goblin is nearby!
Throwing (i - inventory)
p - 286 stones (quivered)
Press: ? - help, Shift-Dir - straight line, f - goblin
Aim: a goblin (hasn't noticed you)
You throw a stone. The goblin shouts!
The stone hits the goblin.
The goblin is heavily wounded.
Throwing (i - inventory)
p - 285 stones (quivered)
Press: ? - help, Shift-Dir - straight line, f/p - goblin
Aim: a goblin (heavily wounded)
You throw a stone. The stone hits the goblin.
The goblin is severely wounded.
You are feeling hungry.
Throwing (i - inventory)
p - 284 stones (quivered)
Press: ? - help, Shift-Dir - straight line, f/p - goblin
Aim: a goblin (severely wounded)
You throw a stone. The stone hits the goblin.
You kill the goblin!
You have reached level 3!
Your experience leads to an increase in your attributes!
Increase (S)trength, (I)ntelligence, or (D)exterity?
You feel stronger.
Your demonic ancestry asserts itself...
Your fingernails lengthen.
You have an epiphany!
The dusty tome is a manual of Stealth!
Reading it may be key to unlocking the crate...
Are you sure you want to abandon this character and quit the game? (Confirm with "yes".)

#.......##.#.# #.# #.##.####
#.#.####.#.###.###.##.....
#........#.........##.....
###÷##########...####.###.
##..†## ###.# #.# #.
##.....## ####.# #.# #.
##.......## ##.##.# #.# #.
#.........####...#.####.###.
+.........'@................
#.........####...#.####.....
##.......## ##.##.# #.###.
##.....## ####.# #.# #.
##...## #.# #.# ## ##'## #.#
#.# #.# #.# #.#### #.# #.#
#..... ##.## #.# ######


There were no monsters in sight!

Vanquished Creatures
  A worm (D:2)
  A dart slug (D:1)
  A leopard gecko (D:2)
  A ball python (D:1)
  4 bats
  2 goblins
  4 hobgoblins
  2 kobolds (D:1)
  A quokka (D:1)
  A frilled lizard (D:1)
  5 rats
23 creatures vanquished.

Notes
Turn   | Place    | Note
-------+----------+-------------------------------------------
     0 | D:1      | MisterOstroum the Demonspawn Archaeologist began the quest
                  | for the Orb.
     0 | D:1      | Reached XP level 1. HP: 15/15 MP: 1/1
    59 | D:1      | Found a shattered altar of Ashenzari.
   462 | D:1      | Gained mutation: You have sharp toenails. [demonic
                  | ancestry]
   462 | D:1      | Reached XP level 2. HP: 22/22 MP: 2/2
  1118 | D:2      | Found a faded altar of an unknown god.
  1379 | D:2      | Found a snail-covered altar of Cheibriados.
  1670 | D:2      | Gained mutation: You have sharp fingernails. [demonic
                  | ancestry]
  1670 | D:2      | Reached XP level 3. HP: 29/29 MP: 3/3
  1671 | D:2      | Quit the game

Skill      XL: |  1  2 |
---------------+-------+-----
Fighting       | 2 3 |  3.0
Dodging        | |  2.6
Stealth        | |  3.0

Action                   || total
-------------------------++-------
Melee: Unarmed           ||    42
       Spear             ||    33
       Trident           ||    39
Throw: Stone             ||    39
 Stab: Sleeping          ||     1
  Eat: Chunk             ||     2
Armor: Robe              ||    28
       Plate armour      ||    27
Dodge: Dodged            ||    37
